 Dungeon Crawl Stone Soup version 0.26.1-11-gd32895ea62 (webtiles) character file.

Game seed: 11745014770247319934

1185 vvl the Spear-Bearer (level 8, -6/62 HPs)
             Began as a Merfolk Fighter on July 16, 2021.
             Was an Initiate of Yredelemnul.
             Mangled by an orc warrior
             ... wielding a cursed -2 war axe
              (7 damage)
             ... on level 6 of the Dungeon.
             The game lasted 00:11:01 (7075 turns).

vvl the Spear-Bearer (Merfolk Fighter)              Turns: 7075, Time: 00:11:03

Health: -6/62      AC: 10    Str: 19    XL:     8   Next: 42%
Magic:  10/10      EV:  8    Int:  7    God:    Yredelemnul [......]
Gold:   423        SH: 10    Dex: 18    Spells: 7/7 levels left

rFire    x . .     SeeInvis .   a - +0 trident
rCold    . . .     Faith    .   c - +0 kite shield
rNeg     . . .     Spirit   .   x - +1 chain mail "Binwa" {rF- rCorr Dex+5}
rPois    .         Reflect  .   (no helmet)
rElec    .         Harm     .   (no cloak)
rCorr    +         Rampage  .   (no gloves)
Will     .....                  (no boots)
Stlth    ..........             b - amulet of the acrobat
HPRegen  0.20/turn              (no ring)
MPRegen  0.12/turn              (no ring)

@: mighty
A: change form in water, swift swim, stealthy swim
a: Renounce Religion


You were on level 6 of the Dungeon.
You worshipped Yredelemnul.
Yredelemnul was noncommittal.
You visited 2 branches of the dungeon, and saw 7 of its levels.

You collected 423 gold pieces.

Inventory:

Hand Weapons
 a - a +0 trident (weapon)
Armour
 c - a +0 kite shield (worn)
 g - a +0 ring mail
 x - the +1 chain mail "Binwa" (worn) {rF- rCorr Dex+5}
   (You found it on level 4 of the Dungeon)

   It affects your dexterity (+5).
   It makes you vulnerable to fire.
   It provides partial protection from all sources of acid and corrosion.
Jewellery
 b - an amulet of the acrobat (around neck)
 n - a +6 ring of intelligence {unknown}
 o - an uncursed ring of wizardry {unknown}
 y - an uncursed ring of protection from fire {unknown}
Wands
 q - a wand of digging (4)
 u - a wand of paralysis (5)
Scrolls
 h - 2 scrolls of noise {unknown}
 i - 6 scrolls of remove curse {unknown}
 j - 2 scrolls of blinking {unknown}
 k - a scroll of magic mapping {unknown}
 l - 4 scrolls of identify {unknown}
 v - a scroll of enchant weapon {unknown}
 w - a scroll of teleportation {unknown}
 A - a scroll of enchant armour {unknown}
Potions
 d - 2 potions of might
 e - a potion of ambrosia {unknown}
 f - a potion of brilliance {unknown}
 p - a potion of attraction {unknown}
 r - 2 potions of degeneration {unknown}
 s - a potion of flight {unknown}
 t - a potion of cancellation {unknown}
 z - a potion of lignification {unknown}


   Skills:
 + Level 5.1 Fighting
 * Level 8.0 Polearms
 + Level 3.6 Armour
 + Level 4.4 Dodging
 + Level 4.6 Shields
 + Level 3.8 Invocations


You had 7 spell levels left.
You didn't know any spells.
Your spell library was empty.

Dungeon Overview and Level Annotations

Branches:
Dungeon (6/15)             Temple (1/1) D:5

Altars:
Ashenzari
Cheibriados
Dithmenos
Elyvilon
Gozag
Makhleb
Qazlal
Ru
Sif Muna
Trog
Uskayaw
Xom
Yredelemnul
The Shining One


Message History

Beogh smites you!
* * * LOW HITPOINT WARNING * * *
Something hits you but does no damage. The white imp gestures at you.
The puff of frost hits something.
Reactivating autopickup.
You puncture the orc warrior!
The orc warrior is moderately wounded.
The orc warrior hits you with a cursed -2 war axe!
* * * LOW HITPOINT WARNING * * *
The white imp gestures at you. You block the puff of frost.
Unknown command.
Aiming: Paralyse
Press: ? - help, Shift-Dir - straight line, f/p - orc warrior
Aim: an orc warrior, wielding a -2 war axe and wearing a +0 chain mail (moderately wounded, chance to affect: 46%)
The orc warrior resists with some effort.
The orc warrior hits you with a cursed -2 war axe!
You die...
Your body rises from the dead as a mindless zombie.

# #. #.####
####....#
...#....#
#......####
##.........######
......#...oB5)@.#
#........o####o#
#.#....#### #.#
#..o.#######.##
#....##.......#
#...####.####..#
#.... ##..#
#..... # ##...#
..... #.##....#


You could see an orc warrior, a worker ant, an orc priest, a white imp and an
orc.

Vanquished Creatures
  The ghost of nothank2 the Firebug, an amateur HOFE (D:3)
  Edmund (D:5)
  3 ogres
  A bullfrog (D:3)
  A scorpion (D:3)
  A bullfrog zombie (D:5)
  A jelly (D:5)
  2 orc wizards (D:4)
  An orc priest (D:4)
  A centaur skeleton (D:2)
  An iguana (D:4)
  Jessica (D:3)
  Terence (D:3)
  2 worker ants (D:4)
  Robin (D:4)
  5 adders
  2 white imps
  3 oozes
  An adder skeleton (D:5)
  An adder zombie (D:2)
  2 worms (D:2)
  2 dart slugs
  7 leopard geckos
  21 orcs
  3 ball pythons
  5 giant cockroaches
  14 goblins
  11 hobgoblins
  17 jackals
  9 kobolds
  3 quokkas
  11 bats
  7 frilled lizards
  A quokka skeleton (D:5)
  9 rats
153 creatures vanquished.

Vanquished Creatures (others)
  An orc wizard (D:6)
1 creature vanquished.

Grand Total: 154 creatures vanquished

Notes
Turn   | Place    | Note
-------+----------+-------------------------------------------
     0 | D:1      | vvl the Merfolk Fighter began the quest for the Orb.
     0 | D:1      | Reached XP level 1. HP: 18/18 MP: 1/1
   106 | D:1      | Reached XP level 2. HP: 15/24 MP: 2/2
   871 | D:1      | Reached skill level 1 in Dodging
   876 | D:1      | Reached XP level 3. HP: 29/29 MP: 3/3
  1232 | D:2      | Reached skill level 1 in Invocations
  1239 | D:2      | Reached skill level 4 in Polearms
  1454 | D:2      | Reached XP level 4. HP: 11/36 MP: 4/4
  2433 | D:3      | Reached XP level 5. HP: 37/42 MP: 6/6
  2633 | D:3      | Noticed Terence
  2670 | D:3      | Killed Terence
  2671 | D:3      | Reached skill level 5 in Polearms
  3321 | D:3      | Noticed Jessica
  3323 | D:3      | Killed Jessica
  3508 | D:3      | Reached XP level 6. HP: 47/48 MP: 7/7
  3575 | D:3      | Found a runed translucent door.
  3583 | D:3      | Noticed nothank2's ghost (amateur HOFE)
  3836 | D:3      | Killed nothank2's ghost
  3837 | D:3      | Reached skill level 6 in Polearms
  3837 | D:3      | Reached XP level 7. HP: 40/54 MP: 8/8
  4004 | D:4      | Noticed Robin
  4285 | D:4      | Killed Robin
  4980 | D:4      | Got a pitted chain mail
  4991 | D:4      | Identified the +1 chain mail "Binwa" {rF- rCorr Dex+5} (You
                  | found it on level 4 of the Dungeon)
  5031 | D:4      | Reached skill level 7 in Polearms
  5622 | D:5      | Entered Level 5 of the Dungeon
  5691 | D:5      | Reached XP level 8. HP: 60/61 MP: 10/10
  5730 | D:5      | Found a staircase to the Ecumenical Temple.
  5760 | Temple   | Entered the Ecumenical Temple
  6060 | Temple   | Became a worshipper of Yredelemnul the Dark
  6209 | D:5      | Reached skill level 5 in Fighting
  6413 | D:5      | Found a bloodstained altar of Trog.
  6454 | D:5      | Noticed Edmund
  6474 | D:5      | Killed Edmund
  6626 | D:5      | Reached skill level 8 in Polearms
  7074 | D:6      | HP: 1/62 [orc warrior/cursed -2 war axe (14)]
  7075 | D:6      | Mangled by an orc warrior

Illustrated notes

Levels and vault maps discovered:
D:1:      wheals_arrival_shading, layout_loops_ring
D:2:      layout_loops_ring, chequers_garden, corner_web_ring,
          wander_ebering_terrifying_dragon_lair
D:3:      layout_basic, ebering_ghost_sewer_d, uniq_jessica, uniq_terence
D:4:      minmay_spotlight, layout_basic, uniq_robin
D:5:      layout_gridville, bloody_trog, minmay_temple_entry_junction,
          uniq_edmund
D:6:      layout_loops_corners, nzn_hepliaklqana_mist_gate, serial_shops, shop,
          nicolae_shop_behind_doors, shop, shop_statue, elyvilon_altar_5
Temple:   nicolae_temple_figure_eight

Skill      XL: |  1  2  3  4  5  6  7  8 |
---------------+-------------------------+-----
Dodging        | 1 2 3 4 |  4.4
Invocations    | 1 2 3 |  3.8
Polearms       | 4 5 6 7 8 |  8.0
Fighting       | 4 5 |  5.1
Armour         | 3 |  3.6
Shields        | 4 |  4.6

Action                   |  1- 3 |  4- 6 |  7- 9 || total
-------------------------+-------+-------+-------++-------
Melee: Trident           |   148 |   269 |   239 ||   656
Evoke: Wand              |       |       |     6 ||     6
  Use: Potion            |       |     1 |     3 ||     4
 Stab: Paralysed         |       |       |     7 ||     7
Armor: Scale mail        |     8 |       |       ||     8
       Ring mail         |    19 |    56 |    15 ||    90
       Chain mail        |       |       |    72 ||    72
Dodge: Dodged            |    35 |   113 |    81 ||   229
Block: Kite shield       |    63 |   118 |   103 ||   284
